 Dungeon Crawl Stone Soup version 0.18.1-8-gdd0e5ea (webtiles) character file.

88 mistymad the Insei (level 4, -3/39 HPs)
             Began as a Naga Transmuter on May 21, 2016.
             Slain by a goblin (4 damage)
             ... led by Robin
             ... on level 4 of the Dungeon.
             The game lasted 00:13:58 (3566 turns).

mistymad the Insei (Naga Transmuter)                Turns: 3566, Time: 00:13:58

Health: -3/39      AC:  2    Str: 17    XL:     4   Next: 54%
Magic:  3/7        EV: 10    Int: 19    God:
Gold:   66         SH:  0    Dex: 12    Spells: 3 memorised, 1 level left

rFire  . . .     SeeInvis +       - Unarmed
rCold  . . .     Gourm    .     b - +0 robe
rNeg   . . .     Faith    .     (no shield)
rPois  +         Spirit   .     (no helmet)
rElec  .         Dismiss  .     (no cloak)
rCorr  .         Reflect  .     (no gloves)
SustAt .         Harm     .     (no barding)
MR     .....                    (no amulet)
Stlth  ..........               (no ring)
                                r - ring of loudness (curse)

@: mighty, brilliant, flying, very slow, not resistant to hostile enchantments,
extremely unstealthy
A: see invisible, deformed body, poison resistance, slowness 2, slow metabolism
1, spit poison 2, AC +1
a: Spit Poison


You were on level 4 of the Dungeon.
You were hungry.

You visited 1 branch of the dungeon, and saw 4 of its levels.

You collected 66 gold pieces.

Inventory:

Missiles
 a - 24 arrows
Armour
 b - a +0 robe (worn)
Jewellery
 r - a cursed ring of loudness (left hand)
Scrolls
 i - a scroll of identify
 k - a scroll of blinking
 l - a scroll of fog {unknown}
 m - a scroll of teleportation {unknown}
 q - a scroll of recharging {unknown}
 t - a scroll of enchant weapon {unknown}
Potions
 e - a potion of heal wounds {unknown}
 g - a potion of cancellation {unknown}
 h - a potion of haste {unknown}
 j - a potion of curing {unknown}
 s - a potion of flight
Books
 c - a book of Changes

   Spells                             Type                      Level
   a - Beastly Appendage              Transmutation                1
   b - Sticks to Snakes               Transmutation                2
   c - Spider Form                    Transmutation/Poison         3
   d - Ice Form                       Ice/Transmutation            4
   e - Blade Hands                    Transmutation                5
Comestibles
 d - 2 bread rations
 f - a slice of pizza
 p - 2 royal jellies
 u - 2 fruits
 v - a meat ration
 w - 4 chunks of flesh


   Skills:
 + Level 2.0 Fighting
 + Level 2.3 Dodging
 + Level 3.5 Unarmed Combat
 + Level 2.3 Spellcasting
 * Level 2.5 Transmutations


You had one spell level left.
You knew the following spells:

 Your Spells              Type           Power        Failure   Level  Hunger
a - Beastly Appendage     Trmt           ###...       1%          1    #......
b - Sticks to Snakes      Trmt           ###.....     1%          2    ##.....
c - Spider Form           Trmt/Pois      ###.......   4%          3    ###....


Dungeon Overview and Level Annotations

Branches:
Dungeon (4/15)
 Temple: D:4-7

Altars:
Trog

Annotations:
D:3 Sigmund
D:4 Robin


Innate Abilities, Weirdness & Mutations

You cannot wear boots.
Your serpentine skin is tough (AC +1).
You have supernaturally acute eyesight.
Armour fits poorly on your strangely shaped body.
Your system is resistant to poisons.
You cover ground very slowly.
You have a slow metabolism.
You can spit poison.


Message History

Robin of the Strong Arm comes into view.
She is wielding an enchanted mace.
Unknown command.
Are you sure you want to stumble around while confused and next to your adder? [Y]es or [N]o only, please.
Are you sure you want to stumble around while confused and next to your adder?
Okay, then.
Drink which item? (? for menu, Esc to quit)
It was a potion of flight.
You feel very buoyant.
You fly up into the air.
You feel less confused. The goblin closely misses your adder.
Your adder closely misses the goblin.
The goblin barely misses your adder.
Your adder closely misses the orc.
Drink which item? (? for menu, Esc to quit)
It was a potion of brilliance.
You feel clever all of a sudden.
Your horns disappear.
Robin throws the goblin at you!
* * * LOW HITPOINT WARNING * * *
The goblin hits you.
You die...

#.# #.#
#.# #.#
#.#
#.#####.#
#....)o.#
#S@##
#.Sg#
##gg.#
#g#..#
#g##...
#g# #...
#g# .#...
#g# #..#
.. %.


You could see Robin, an orc, 7 goblins and 2 friendly adders.

Vanquished Creatures
  An adder (D:2)
  3 worms
  2 giant geckos
  An orc (D:4)
  A giant cockroach (D:1)
  8 goblins
  8 hobgoblins
  5 kobolds
  2 quokkas (D:2)
  6 bats
  3 giant newts
  4 rats
44 creatures vanquished.

Vanquished Creatures (collateral kills)
  An orc wizard (D:4)
  An orc (D:4)
  A goblin (D:4)
3 creatures vanquished.

Vanquished Creatures (others)
  4 toadstools (D:1)
4 creatures vanquished.

Grand Total: 51 creatures vanquished

Notes
Turn   | Place    | Note
--------------------------------------------------------------
     0 | D:1      | mistymad the Naga Transmuter began the quest for the Orb.
     0 | D:1      | Reached XP level 1. HP: 18/18 MP: 3/3
   592 | D:1      | Reached XP level 2. HP: 21/25 MP: 5/5
  1401 | D:1      | Reached XP level 3. HP: 23/31 MP: 6/6
  1612 | D:2      | Learned a level 2 spell: Sticks to Snakes
  2123 | D:2      | Found a bloodstained altar of Trog.
  2268 | D:2      | Learned a level 3 spell: Spider Form
  3180 | D:2      | Reached XP level 4. HP: 32/39 MP: 5/7
  3535 | D:3      | Noticed Sigmund
  3565 | D:4      | Noticed Robin
  3566 | D:4      | HP: 1/39 [Robin/goblin (2)]
  3566 | D:4      | Slain by a goblin

Skill      XL: |  1  2  3  4 |
---------------+-------------+-----
Dodging        | 2 |  2.3
Fighting       | 2 |  2.0
Unarmed Combat | |  3.5
Spellcasting   | |  2.3
Transmutations | |  2.5

Action                   |  1- 3 |  4- 6 || total
-------------------------+-------+-------++-------
Melee: Unarmed           |   156 |    25 ||   181
       Punch             |     1 |       ||     1
       Headbutt          |     4 |     1 ||     5
 Cast: Beastly Appendage |     7 |     3 ||    10
       Sticks to Snakes  |       |     2 ||     2
 Abil: Spit Poison       |     2 |     1 ||     3
  Use: Scroll            |     1 |       ||     1
       Potion            |       |     3 ||     3
 Stab: Sleeping          |     1 |       ||     1
  Eat: Chunk             |     5 |     1 ||     6
Armor: Robe              |    28 |     7 ||    35
Dodge: Dodged            |    73 |    17 ||    90
